 Dungeon Crawl Stone Soup version 0.26.1-11-gd32895ea62 (webtiles) character file.

Game seed: 5293534358740054855

24738 phalm the Thaumaturge (level 12, -3/84 HPs)
             Began as a Demonspawn Conjurer on June 16, 2021.
             Was a Priest of Vehumet.
             Slain by Frances
             ... wielding a +0 short sword
              (20 damage)
             ... on level 12 of the Dungeon.
             The game lasted 00:47:13 (13887 turns).

phalm the Thaumaturge (Demonspawn Conjurer)        Turns: 13887, Time: 00:47:13

Health: -3/84      AC:  8    Str:  7    XL:     12   Next: 83%
Magic:  19/29      EV: 19    Int: 29    God:    Vehumet [***...]
Gold:   891        SH:  0    Dex: 19    Spells: 20/38 levels left

rFire    + + .     SeeInvis .   a - +7 dagger of the Coward {venom, rElec rPois Int+5}
rCold    + . .     Faith    .   (no shield)
rNeg     . . .     Spirit   .   D - +0 robe
rPois    +         Reflect  .   v - +2 helmet
rElec    +         Harm     .   b - +1 cloak
rCorr    .         Rampage  .   T - +2 pair of gloves
Will     .....                  (no boots)
Stlth    ++........             c - amulet of magic regeneration
HPRegen  0.24/turn              Z - ring of wizardry
MPRegen  0.46/turn              W - ring of Xom's Wantonness {+Blink rF++ rC+ Dex+6}

@: agile, corroded
A: talons 1, rugged brown scales 2, powered by pain 2
a: Renounce Religion, Evoke Blink


You were on level 12 of the Dungeon.
You worshipped Vehumet.
Vehumet was most pleased with you.
You visited 2 branches of the dungeon, and saw 13 of its levels.
You also visited: Bailey.

You collected 891 gold pieces.


Innate Abilities, Weirdness & Mutations

You have sharp toenails.
You are mostly covered in rugged brown scales. (AC +2, +5% HP)
You sometimes gain power by taking damage.


   Skills:
 + Level 2.7 Fighting
 + Level 2.6 Armour
 + Level 3.3 Dodging
 - Level 1.7 Stealth
 * Level 13.6 Spellcasting
 + Level 11.4 Conjurations
 + Level 3.0 Hexes
 * Level 0.3 Summonings
 - Level 1.6 Translocations
 * Level 3.8 Transmutations
 * Level 3.8 Fire Magic
 * Level 0.2 Air Magic
 - Level 4.0 Poison Magic


You had 20 spell levels left.
You knew the following spells:

 Your Spells              Type           Power        Failure   Level
f - Fulminant Prism       Conj/Hex       28%          1%          4
l - Summon Lightning Spi  Summ/Air       21%          9%          4
m - Magic Dart            Conj           100%         0%          1
s - Searing Ray           Conj           100%         1%          2
X - Iskenderun's Mystic   Conj/Tloc      55%          1%          4
Y - Ignite Poison         Fire/Tmut/Pois 42%          1%          3

Your spell library contained the following spells:

 Spells                   Type           Power        Failure   Level
 Static Discharge         Conj/Air       52%          1%          3
 Corona                   Hex            41%          1%          1
 Summon Small Mammal      Summ           84%          1%          1
 Call Imp                 Summ           21%          1%          2
 Ensorcelled Hibernation  Hex/Ice        56%          1%          2
 Confusing Touch          Hex            37%          1%          3
 Dazzling Flash           Conj/Hex       100%         1%          3
 Summon Guardian Golem    Hex/Summ       29%          1%          3
 Tukima's Dance           Hex            37%          1%          3
 Call Canine Familiar     Summ           21%          2%          3
 Summon Ice Beast         Ice/Summ       20%          10%         4

Inventory:

Hand Weapons
 a - the +7 dagger of the Coward (weapon) {venom, rElec rPois Int+5}
   (You found it on level 5 of the Dungeon)

   It poisons the flesh of those it strikes.
   It affects your intelligence (+5).
   It insulates you from electricity.
   It protects you from poison.
Missiles
 u - 9 boomerangs
 G - 17 poisoned darts (quivered)
 S - 7 atropa-tipped darts
 V - 20 javelins
Armour
 b - a +1 cloak (worn)
   (You found it on level 12 of the Dungeon)
 v - a +2 helmet (worn)
   (You took it off Robin on level 4 of the Dungeon)
 D - a +0 robe (worn)
   (You found it on level 6 of the Dungeon)
 T - a +2 pair of gloves (worn)
   (You found it on level 9 of the Dungeon)
Magical Staves
 m - an uncursed staff of conjuration
   (You found it on level 7 of the Dungeon)
 P - an uncursed staff of earth
   (You found it on level 8 of the Dungeon)
Jewellery
 c - an amulet of magic regeneration (around neck)
   (You found it on level 1 of the Dungeon)
 F - an uncursed ring of protection from fire
   (You found it on level 1 of the Dungeon)
 I - a +6 ring of intelligence
   (You took it off a wight on level 7 of the Dungeon)
 O - a +4 ring of protection
   (You found it on level 4 of the Dungeon)
 R - an uncursed ring of resist corrosion
   (You found it on level 11 of the Dungeon)
 W - the ring of Xom's Wantonness (right hand) {+Blink rF++ rC+ Dex+6}
   (You took it off an orc in a bailey)

   [ring of dexterity]

   It affects your dexterity (+6).
   It greatly protects you from fire.
   It protects you from cold.
   It lets you blink.
 Z - a ring of wizardry (left hand)
   (You found it on level 11 of the Dungeon)
Wands
 f - a wand of digging (5)
   (You found it on level 10 of the Dungeon)
 w - a wand of random effects (74)
   (You took it off Robin on level 4 of the Dungeon)
 y - a wand of iceblast (18)
   (You took it off Ijyb on level 4 of the Dungeon)
 M - a wand of paralysis (8)
   (You found it on level 8 of the Dungeon)
 Q - a wand of acid (11)
   (You found it on level 8 of the Dungeon)
Scrolls
 d - 2 scrolls of teleportation {@r4}
 g - 2 scrolls of fear
 h - a scroll of summoning
 i - a scroll of torment {unknown}
 j - 2 scrolls of blinking {!r}
 o - a scroll of immolation {!r!r}
 q - 2 scrolls of amnesia
 r - 5 scrolls of enchant armour
 B - 2 scrolls of remove curse {@r2}
 H - 2 scrolls of noise {!r}
 L - a scroll of fog
 X - 6 scrolls of enchant weapon
Potions
 e - 2 potions of haste {@q3}
 k - a potion of flight
 l - 2 potions of lignification {unknown}
 n - 2 potions of attraction {unknown}
 p - a potion of invisibility {unknown}
 s - 2 potions of curing {@q1}
 t - 2 potions of brilliance {unknown}
 x - 3 potions of might
 z - a potion of heal wounds {@q2}
 A - a potion of berserk rage {unknown}
 E - 2 potions of ambrosia {unknown}
 J - 2 potions of magic {unknown}
 U - a potion of mutation {unknown}

Dungeon Overview and Level Annotations

Branches:
Dungeon (12/15)            Temple (1/1) D:6            Lair (0/6) D:8
 Bailey (visited)
    Orc: D:9-12

Altars:
Ashenzari
Cheibriados
Dithmenos
Elyvilon
Fedhas
Gozag
Hepliaklqana
Kikubaaqudgha
Makhleb
Nemelex Xobeh
Okawaru
Qazlal
Ru
Sif Muna
Trog
Uskayaw
Vehumet
Wu Jian
Xom
Yredelemnul
Zin
The Shining One

Annotations:
D:8 , 1 runed translucent door, eagelman13508's ghost, novice TrBe
D:9 exclusion: obsidian statue
D:10 exclusion: 2 ice statues
D:12 Frances

#.# #.# #.#
#.# ##.#
#.## #####
##.#
#.y4####.##
#.y4@@4..#
#..####..##
#(( ####
.(( ... ..
.


You could see Frances (fast), a hellwing (summoned), an ice devil (summoned), a
rust devil (summoned) and 2 vampire mosquitoes.


Message History

😕 HP[-6]
You take 6 damage, and now have 78/84 hp.
Unknown command.
Casting: Ignite Poison (safe; 1% risk of failure)
Confirm with . or Enter, or press ? or * to list all spells.
You erupt in a blast of force!
The mystic blast hits Frances!
Frances is knocked back by the mystic blast.
Frances slams into the rock wall!
The mystic blast hits the rust devil!
The rust devil is knocked back by the mystic blast.
The rust devil collides with Frances!
The mystic blast hits the hellwing!
The hellwing is knocked back by the mystic blast.
The hellwing slams into the rock wall!
Frances looks more healthy. 😕 MP[-4]
You lost 4 mp, and now have 25/29 mp.
Casting: Iskenderun's Mystic Blast (safe; 1% risk of failure)
Confirm with . or Enter, or press ? or * to list all spells.
Aiming: Searing Ray (safe; 1% risk of failure)
Press: ? - help, Shift-Dir - straight line, f/p - Frances
Aim: Frances, wielding a +0 short sword and wearing a cursed +0 chain mail (lightly wounded, fast, 13% to evade)
The searing ray hits the rust devil!
The searing ray hits Frances. (Press . to maintain the ray.)
The hellwing hits you but does no damage.
The hellwing barely misses you. 😕 MP[-1]
You lost 1 mp, and now have 24/29 mp.
The searing ray hits Frances.
The searing ray hits the rust devil!
The hellwing hits you! x2
Frances hits you with a +0 short sword!!
* * * LOW HITPOINT WARNING * * *
You focus on the pain.
You feel agile all of a sudden. 😨 HP[-36] MP[-1]
You take 36 damage, and now have 42/84 hp.
MASSIVE DAMAGE!! (PAUSE)
You lost 1 mp, and now have 23/29 mp.
Frances hits you with a +0 short sword!!
* * * LOW HITPOINT WARNING * * *
😱 HP[-28] MP[+1]
You take 28 damage, and now have 14/84 hp.
MASSIVE DAMAGE!! (PAUSE)
Okay, then.
Okay, then.
Unknown command.
You feel much better. Frances misses you. 😨 HP[+26]
You regained 26 hp, and now have 40/84 hp.
Casting: Searing Ray (safe; 1% risk of failure)
Confirm with . or Enter, or press ? or * to list all spells.
You erupt in a blast of force!
The mystic blast hits the rust devil but does no damage.
The mystic blast hits the hellwing!
The mystic blast hits Frances!
Frances is knocked back by the mystic blast.
Frances collides with the hellwing!
The mystic blast hits the ice devil!
The ice devil is knocked back by the mystic blast.
The ice devil slams into the rock wall!
Frances hits you with a +0 short sword!!
* * * LOW HITPOINT WARNING * * *
😱 HP[-20] MP[-4]
You take 20 damage, and now have 20/84 hp.
MASSIVE DAMAGE!! (PAUSE)
You lost 4 mp, and now have 20/29 mp.
You feel much better. Frances closely misses you. The ice devil hits you.
* * * LOW HITPOINT WARNING * * *
The ice devil freezes you! You resist.
* * * LOW HITPOINT WARNING * * *
😨 HP[+7] MP[+1]
You regained 7 hp, and now have 27/84 hp.
Unknown command.
Frances hits you with a +0 short sword!
* * * LOW HITPOINT WARNING * * *
😱 HP[-11]
You take 11 damage, and now have 16/84 hp.
You feel much better. Frances hits you with a +0 short sword.
* * * LOW HITPOINT WARNING * * *
😨 HP[+9] MP[+1]
You regained 9 hp, and now have 25/84 hp.
Casting: Iskenderun's Mystic Blast (safe; 1% risk of failure)
Confirm with . or Enter, or press ? or * to list all spells.
Aiming: Searing Ray (safe; 1% risk of failure)
Press: ? - help, Shift-Dir - straight line, f/p - Frances
Aim: Frances, wielding a +0 short sword and wearing a cursed +0 chain mail (moderately wounded, fast, 13% to evade)
The searing ray hits Frances! (Press . to maintain the ray.) Frances barely misses you.
Frances hits you with a +0 short sword!
* * * LOW HITPOINT WARNING * * *
😱 HP[-9] MP[-2]
You take 9 damage, and now have 16/84 hp.
You lost 2 mp, and now have 20/29 mp.
The searing ray hits Frances!
The searing ray hits the hellwing.
The searing ray misses the rust devil.
The searing ray hits the vampire mosquito!
Frances barely misses you.
The hellwing swoops through the air toward you!
The hellwing completely misses you. The hellwing misses you. 😱 HP[+1]
The searing ray hits Frances!
The searing ray hits the rust devil but does no damage.
The searing ray hits the vampire mosquito.
Frances hits you with a +0 short sword!!
You die...

Skill      XL: |  1  2  3  4  5  6  7  8  9 10 11 12 |
---------------+-------------------------------------+-----
Spellcasting   | 3 4 5 7 9 10 12 13 | 13.6
Conjurations   | 5 6 7 9 10 11 | 11.4
Dodging        | 2 3 |  3.3
Fighting       | 2 |  2.7
Armour         | 1 2 |  2.6
Hexes          | 2 3 |  3.0
Translocations | 1 |  1.6
Transmutations | 2 3 |  3.8
Fire Magic     | 2 3 |  3.8
Poison Magic   | 3 4 |  4.0
Stealth        | |  1.7
Summonings     | |  0.3
Air Magic      | |  0.2

Action                   |  1- 3 |  4- 6 |  7- 9 | 10-12 || total
-------------------------+-------+-------+-------+-------++-------
Melee: Short sword       |     1 |       |       |       ||     1
       Quarterstaff      |     1 |     8 |       |       ||     9
       Spear             |       |       |    12 |       ||    12
       Dagger            |       |       |    14 |    24 ||    38
       Kick              |       |       |     1 |     7 ||     8
Throw: Dart              |       |       |       |    13 ||    13
 Cast: Magic Dart        |    66 |    60 |   165 |   293 ||   584
       Searing Ray       |     3 |    23 |    52 |   112 ||   190
       Iskenderun's Myst |       |       |     2 |    10 ||    12
       Ignite Poison     |       |       |       |     6 ||     6
       Fulminant Prism   |       |       |       |     2 ||     2
Evoke: Wand              |       |       |       |     4 ||     4
  Use: Scroll            |       |     1 |    12 |     9 ||    22
       Potion            |       |       |       |     4 ||     4
Armor: Robe              |     1 |    10 |    25 |    49 ||    85
       Leather armour    |       |       |    39 |       ||    39
Dodge: Dodged            |     5 |    24 |    81 |   100 ||   210

Levels and vault maps discovered:
D:1:      amcnicky_arrival_blooded_trapdoor, layout_basic
D:2:      layout_rooms, nicolae_qazlal_style_of_elements
D:3:      layout_rooms, marbit_many_paths
D:4:      layout_cave_pools, palyth_stone_intersect,
          hangedman_abyss_or_decor_stagger, uniq_crazy_yiuf_cottage, uniq_robin,
          uniq_ijyb, uniq_edmund
D:5:      layout_basic, goddamned_bats
D:6:      layout_loops_corners, minitemple, nemelex_xobeh_ov_fountains_minmay,
          minmay_temple_entry_wispy, kennysheep_generic_room_3
D:7:      layout_rooms, kennysheep_mini
D:8:      gammafunk_wand_slinger, layout_basic,
          chequers_temple_overflow_statue_of_worship, david_lair_generic,
          ebering_ghost_inner_flame
D:9:      layout_rooms, serial_undead, serial_undead_c, serial_undead_a,
          serial_undead_d, serial_undead_b, serial_undead_a, serial_undead_d,
          minivault_16, uniq_erica, uniq_pikel
D:10:     layout_cave_pools, basic_altar, enter_bailey_5, david_greed
D:11:     layout_grid_maze, onia_ninara_cookie
D:12:     layout_layer_cave, orc_0_dummy, basic_altar, uniq_frances
Temple:   nicolae_temple_figure_eight

Notes
Turn   | Place    | Note
-------+----------+-------------------------------------------
     0 | D:1      | phalm the Demonspawn Conjurer began the quest for the Orb.
     0 | D:1      | Reached XP level 1. HP: 13/13 MP: 3/3
     0 | D:1      | magus.rc [v1.9.10]
   222 | D:1      | Gained mutation: You sometimes gain a little power by
                  | taking damage. [demonic ancestry]
   222 | D:1      | Reached XP level 2. HP: 19/19 MP: 3/5
   225 | D:1      | Learned a level 2 spell: Searing Ray
   756 | D:2      | Reached skill level 3 in Spellcasting
   756 | D:2      | Reached XP level 3. HP: 24/24 MP: 4/7
   812 | D:2      | Found a stormy altar of Qazlal.
   813 | D:2      | Noticed an earth elemental
   814 | D:2      | Noticed an air elemental
   815 | D:2      | Noticed a water elemental
   815 | D:2      | Noticed a fire elemental
  1174 | D:3      | Gained mutation: You are partially covered in rugged brown
                  | scales. (AC +1, +3% HP) [demonic ancestry]
  1174 | D:3      | Reached XP level 4. HP: 24/30 MP: 5/9
  1587 | D:3      | Reached skill level 4 in Spellcasting
  1619 | D:3      | Reached XP level 5. HP: 23/36 MP: 7/11
  1624 | D:3      | Learned a level 4 spell: Fulminant Prism
  1629 | D:3      | Learned a level 4 spell: Iskenderun's Mystic Blast
  1635 | D:3      | Reached skill level 5 in Conjurations
  1833 | D:3      | Found a bloodstained altar of Trog.
  2016 | D:4      | Noticed Robin
  2046 | D:4      | Noticed Edmund
  2147 | D:3      | Killed Edmund
  2148 | D:3      | Reached skill level 5 in Spellcasting
  2148 | D:3      | Gained mutation: You sometimes gain power by taking damage.
                  | [demonic ancestry]
  2148 | D:3      | Reached XP level 6. HP: 31/42 MP: 6/13
  2412 | D:4      | Noticed Ijyb
  2426 | D:4      | Killed Ijyb
  2427 | D:4      | Reached XP level 7. HP: 44/47 MP: 6/15
  2431 | D:4      | Killed Robin
  2433 | D:4      | Reached skill level 6 in Spellcasting
  2466 | D:4      | Reached skill level 6 in Conjurations
  2963 | D:4      | Found a runed translucent door.
  2964 | D:4      | Noticed Crazy Yiuf
  2971 | D:4      | Killed Crazy Yiuf
  3013 | D:5      | Entered Level 5 of the Dungeon
  3083 | D:5      | Got a crystal dagger
  3084 | D:5      | Identified the +7 dagger of the Coward {venom, rElec rPois
                  | Int+5} (You found it on level 5 of the Dungeon)
  4091 | D:6      | Found a staircase to the Ecumenical Temple.
  4120 | Temple   | Entered the Ecumenical Temple
  4361 | D:6      | Reached skill level 7 in Spellcasting
  4373 | D:6      | Found a sparkling altar of Nemelex Xobeh.
  4517 | D:6      | HP: 11/47 [ogre/+0 giant club (19)]
  4520 | D:6      | Reached XP level 8. HP: 13/53 MP: 13/18
  4765 | D:6      | Found an opulent altar of Gozag.
  4890 | D:6      | Found an ancient bone altar of Kikubaaqudgha.
  4890 | D:6      | Found a glowing golden altar of the Shining One.
  4891 | D:6      | Found a white marble altar of Elyvilon.
  5150 | D:6      | You pick up a book of Callings and begin reading...
  5150 | D:6      | You add the spells Summon Small Mammal, Call Imp, Call
                  | Canine Familiar, Summon Guardian Golem, Summon Lightning
                  | Spire and Summon Ice Beast to your library.
  5446 | D:6      | Reached skill level 7 in Conjurations
  5755 | D:7      | Found a shimmering blue altar of Sif Muna.
  5800 | D:7      | Reached skill level 8 in Spellcasting
  6315 | D:7      | Reached skill level 9 in Spellcasting
  6377 | D:7      | Gained mutation: You have sharp toenails. [demonic
                  | ancestry]
  6377 | D:7      | Reached XP level 9. HP: 57/58 MP: 16/22
  6381 | D:7      | Reached skill level 8 in Conjurations
  6519 | D:8      | Found a transporter.
  6659 | D:8      | Noticed an elephant
  6676 | D:8      | Killed an elephant
  6677 | D:8      | Reached skill level 10 in Spellcasting
  6775 | D:8      | Found a staircase to the Lair.
  6819 | D:8      | Found a radiant altar of Vehumet.
  6823 | D:8      | Found a broken altar of Ashenzari.
  6827 | D:8      | Became a worshipper of Vehumet
  6870 | D:8      | Noticed a two-headed ogre
  6878 | D:8      | Killed a two-headed ogre
  6879 | D:8      | Reached skill level 9 in Conjurations
  7130 | D:8      | Gained mutation: You are mostly covered in rugged brown
                  | scales. (AC +2, +5% HP) [demonic ancestry]
  7130 | D:8      | Reached XP level 10. HP: 57/66 MP: 17/24
  7172 | D:8      | Got a transparent trident
  7173 | D:8      | Identified the +0 trident "Jophuosa" {vorpal, *Corrode
                  | Int+3 Dex+6} (You found it on level 8 of the Dungeon)
  7195 | D:8      | Reached skill level 11 in Spellcasting
  7246 | D:8      | Found a runed translucent door.
  7247 | D:8      | Noticed eagelman13508's ghost (novice TrBe)
  7247 | D:8      | Noticed a centaur warrior
  7504 | D:8      | Found a transporter.
  8065 | D:8      | Reached * piety under Vehumet
  8065 | D:8      | Offered knowledge of Freeze by Vehumet.
  8911 | D:9      | Noticed Erica
  8920 | D:9      | Killed Erica
  8921 | D:9      | Reached skill level 10 in Conjurations
  9184 | D:9      | Reached skill level 12 in Spellcasting
  9192 | D:9      | Noticed Pikel
  9211 | D:9      | Killed Pikel
  9270 | D:9      | Noticed an obsidian statue
  9362 | D:10     | Entered Level 10 of the Dungeon
  9371 | D:10     | You fall into a shaft and drop 2 floors!
  9376 | D:12     | Noticed a red ugly thing
  9381 | D:12     | Got a fine hand axe
  9388 | D:12     | Killed a red ugly thing
  9421 | D:12     | Found a radiant altar of Vehumet.
  9482 | D:11     | Reached ** piety under Vehumet
  9482 | D:11     | Offered knowledge of Shock by Vehumet.
  9510 | D:11     | Noticed a two-headed ogre
  9548 | D:11     | HP: 10/66 [worker ant (7)]
  9582 | D:10     | HP: 16/66 [something (1)]
  9585 | D:10     | Reached XP level 11. HP: 17/71 MP: 19/27
  9634 | D:10     | HP: 10/71 [ice beast (13)]
  9659 | D:10     | Found a flagged portal.
  9816 | Bailey   | Entered a bailey
 10186 | Bailey   | Identified the cursed +0 hand axe "Ymatud" {vorpal, Dex+7}
                  | (You found it on level 12 of the Dungeon)
 10202 | Bailey   | Offered knowledge of Ignite Poison by Vehumet.
 10227 | Bailey   | Learned a level 3 spell: Ignite Poison
 10296 | Bailey   | Identified the ring of Xom's Wantonness {+Blink rF++ rC+
                  | Dex+6}
 10601 | Bailey   | Reached *** piety under Vehumet
 10975 | Bailey   | Reached skill level 13 in Spellcasting
 11434 | D:10     | Reached skill level 11 in Conjurations
 11529 | D:10     | Offered knowledge of Static Discharge by Vehumet.
 11584 | D:10     | Found a glowing silver altar of Zin.
 11587 | D:10     | You pick up a book of Maledictions and begin reading...
 11587 | D:10     | You add the spells Corona, Ensorcelled Hibernation,
                  | Confusing Touch and Tukima's Dance to your library.
 11700 | D:10     | Reached skill level 2 in Dodging
 11848 | D:10     | Identified a potion of experience
 11849 | D:10     | Reached skill level 2 in Fighting
 11849 | D:10     | Reached skill level 1 in Armour
 11849 | D:10     | Reached skill level 2 in Hexes
 11849 | D:10     | Reached skill level 1 in Translocations
 11849 | D:10     | Reached skill level 2 in Transmutations
 11849 | D:10     | Reached skill level 2 in Fire Magic
 11849 | D:10     | Reached skill level 3 in Poison Magic
 11849 | D:10     | Reached XP level 12. HP: 81/81 MP: 29/29
 12325 | D:11     | Reached skill level 2 in Armour
 12325 | D:11     | Reached skill level 3 in Dodging
 12325 | D:11     | Reached skill level 3 in Transmutations
 12325 | D:11     | Reached skill level 3 in Fire Magic
 12468 | D:11     | Killed a two-headed ogre
 12779 | D:11     | Noticed a boulder beetle
 12788 | D:11     | Killed a boulder beetle
 13227 | D:11     | Noticed a boulder beetle
 13247 | D:11     | Killed a boulder beetle
 13640 | D:12     | Reached skill level 4 in Poison Magic
 13659 | D:12     | Noticed a two-headed ogre
 13671 | D:12     | Killed a two-headed ogre
 13796 | D:11     | Learned a level 4 spell: Summon Lightning Spire
 13808 | D:12     | Reached skill level 3 in Hexes
 13870 | D:12     | Noticed Frances
 13879 | D:12     | HP: 14/84 [Frances/+0 short sword (28)]
 13885 | D:12     | HP: 16/84 [Frances/+0 short sword (9)]
 13887 | D:12     | Slain by Frances

Vanquished Creatures
  2 boulder beetles (D:11)
  Erica (D:9)
  3 two-headed ogres
  Pikel (D:9)
  3 ugly things
  An elephant (D:8)
  A kobold demonologist (D:8)
  3 trolls
  8 yaks
  A wyvern (D:8)
  A wraith (D:11)
  A basilisk (D:8)
  Edmund (D:3)
  A floating eye (D:11)
  3 sky beasts
  A necrophage (D:9)
  14 orc warriors
  2 black bears
  2 ice beasts
  3 ogres
  14 centaurs
  4 lemures (D:9)
  4 bullfrogs
  2 gnoll sergeants
  A wyvern skeleton (D:6)
  A scorpion (D:8)
  13 wights
  A vampire bat (D:5)
  2 howler monkeys
  2 hounds
  3 jellies
  2 quasits
  3 bullfrog zombies
  7 orc priests
  2 gnoll shamans
  14 orc wizards
  A bullfrog skeleton (D:6)
  4 centaur skeletons
  Crazy Yiuf (D:4)
  Ijyb (D:4)
  2 iguanas
  12 worker ants
  A killer bee zombie (D:7)
  A hound skeleton (D:11)
  3 mummies (D:9)
  A howler monkey zombie (D:9)
  A worker ant zombie (D:11)
  Robin (D:4)
  A howler monkey skeleton (D:9)
  18 gnolls
  6 adders
  6 shadow imps
  2 white imps (D:6)
  An ufetubus (D:6)
  2 adder zombies
  A worm (D:4)
  3 dart slugs
  3 fire bats (D:5)
  8 leopard geckos
  57 orcs
  2 spectral bats (D:5)
  A ball python (D:1)
  A bat zombie (D:5)
  6 giant cockroaches
  8 hobgoblins
  5 jackals
  7 quokkas
  14 bats
  A frilled lizard (D:2)
  19 goblins
  8 kobolds
  A leopard gecko zombie (D:6)
  2 quokka skeletons
  A quokka zombie (D:5)
  7 rats
348 creatures vanquished.

Vanquished Creatures (others)
  2 fulminant prisms (D:11)
  A fungus (D:4)
  A withered plant (D:9)
4 creatures vanquished.

Grand Total: 352 creatures vanquished

Table legend:
 A = Non-vault XP
 B = Vault XP
 C = Vault XP percentage of total XP
 D = Non-vault monster count
 E = Vault monster count
 F = Vault count percentage of total count
                 A         B        C        D         E       F
            +---------+---------+-------+---------+---------+-------
      Total |   13278 |    9179 |  40.9 |     230 |     114 |  33.1
            +---------+---------+-------+---------+---------+-------
        D:1 |      20 |       0 |   0.0 |      14 |       0 |   0.0
        D:2 |      42 |       0 |   0.0 |      16 |       0 |   0.0
        D:3 |     244 |     170 |  41.1 |      30 |       3 |   9.1
        D:4 |     352 |     110 |  23.8 |      12 |      14 |  53.8
        D:5 |      87 |     171 |  66.3 |       6 |      16 |  72.7
        D:6 |     574 |      54 |   8.6 |      22 |       1 |   4.3
        D:7 |    1287 |       0 |   0.0 |      38 |       0 |   0.0
        D:8 |    2227 |    1534 |  40.8 |      29 |      13 |  31.0
        D:9 |     911 |    1878 |  67.3 |      14 |       9 |  39.1
       D:10 |    1884 |       6 |   0.3 |      21 |       4 |  16.0
       D:11 |    2957 |    2975 |  50.2 |      19 |      15 |  44.1
       D:12 |    2693 |       0 |   0.0 |       9 |       0 |   0.0
     Bailey |       0 |    2281 | 100.0 |       0 |      39 | 100.0
            +---------+---------+-------+---------+---------+-------

Illustrated notes

Table legend:
 A = Kills in this place as a percentage of kills in entire the game.
 B = Kills by you in this place as a percentage of kills by you in the entire game.
 C = Kills by friends in this place as a percentage of kills by friends in the entire game.
 D = Other kills in this place as a percentage of other kills in the entire game.
 E = Experience gained in this place as a percentage of experience gained in the entire game.
 F = Experience gained in this place divided by the number of levels of this place that you have seen.
                   A       B       C       D       E      F
               +-------+-------+-------+-------+-------+----------------------
         Total | 100.0 | 100.0 |   N/A |   N/A | 100.0 | 1604.1
       Dungeon |  88.7 |  88.7 |   N/A |   N/A |  89.8 | 1681.3
        Bailey |  11.3 |  11.3 |   N/A |   N/A |  10.2 | 2281.0
               +-------+-------+-------+-------+-------+----------------------

Table legend: (Time is in decaauts)
 A = Elapsed time spent in this place.
 B = Non-inter-level travel time spent in this place.
 C = Inter-level travel time spent in this place.
 D = Time resting spent in this place.
 E = Time spent auto-exploring this place.
 F = Levels seen in this place.
 G = Mean time per level.
                   A        B        C        D        E       F      G
               +--------+--------+--------+--------+--------+-----+--------+
         Total |  13903 |  13474 |    429 |    155 |  10850 |  14 |  993.1 |
       Dungeon |  12183 |  11768 |    415 |    155 |   9564 |  12 | 1015.2 |
        Temple |    221 |    208 |     13 |      0 |    208 |   1 |  221.0 |
        Bailey |   1498 |   1498 |      0 |      0 |   1077 |   1 | 1498.0 |
               +--------+--------+--------+--------+--------+-----+--------+

Top non-repeatable levels by time:
    D:11: 1852 daAuts
     D:8: 1690 daAuts
  Bailey: 1498 daAuts
     D:6: 1444 daAuts
     D:9: 1154 daAuts
     D:3: 1047 daAuts
     D:5: 1032 daAuts
    D:10: 965 daAuts
     D:4: 875 daAuts
     D:7: 805 daAuts
     D:2: 604 daAuts
     D:1: 490 daAuts
  Temple: 221 daAuts
    D:12: 220 daAuts
